 Dungeon Crawl Stone Soup version 0.20.1-1-g8b1a95d (webtiles) character file.

72 digijack the Slasher (level 4, 0/31 HPs)
             Began as an Octopode Gladiator on Dec 13, 2017.
             Slain by an adder (2 damage)
             ... on level 2 of the Dungeon.
             The game lasted 00:12:55 (1646 turns).

digijack the Slasher (Octopode Gladiator)           Turns: 1646, Time: 00:12:56

Health: 0/31       AC:  1    Str: 13    XL:     4   Next: 26%
Magic:  4/4        EV: 14    Int: 10    God:
Gold:   0          SH:  0    Dex: 14    Spells: 3/3 levels left

rFire    . . .     SeeInvis .   a - +1 long sword
rCold    . . .     Gourm    .   (no shield)
rNeg     . . .     Faith    .   b - +0 hat
rPois    .         Spirit   .   (no amulet)
rElec    .         Reflect  .   (no ring)
rCorr    .         Harm     .   (no ring)
MR       .....     Clarity  +   (no ring)
Stlth    +++.......             (no ring)
Regen    0.1/turn               (no ring)
MPRegen  0.1/turn               (no ring)
                                (no ring)
                                (no ring)

@: lethally poisoned (0 -> -7)
A: almost no armour, stealthy swim, amphibious, 8 rings, constrict 8, tentacle
spike 1, camouflage 1, clarity, wild magic 1, gelatinous body 1
a: no special abilities


You were on level 2 of the Dungeon.
You were not hungry.

You visited 1 branch of the dungeon, and saw 2 of its levels.

Inventory:

Hand Weapons
 a - a +1 long sword (weapon)
Missiles
 c - 3 throwing nets (quivered)
Armour
 b - a +0 hat (worn)
Scrolls
 f - 3 scrolls of identify
 g - a scroll of remove curse
Potions
 e - 2 potions of mutation
Comestibles
 d - a bread ration
 h - 6 chunks of flesh


   Skills:
 + Level 3.0 Fighting
 + Level 3.5 Long Blades
 - Level 2.0 Throwing
 + Level 3.4 Dodging
 + Level 2.3 Stealth


You had 3 spell levels left.
You didn't know any spells.

Dungeon Overview and Level Annotations

Branches:
Dungeon (2/15)

Altars:
Elyvilon


Innate Abilities, Weirdness & Mutations

You cannot wear most types of armour.
You are very stealthy in the water. (Stealth+)
You are amphibious.
You can wear up to eight rings at the same time.
You can use your tentacles to constrict eight enemies at once.
Your skin changes colour to match your surroundings (Stealth+).
Your rubbery body absorbs attacks. (AC +1, EV +1)
One of your tentacles bears a spike.
You possess an exceptional clarity of mind.
Your spells are a little harder to cast, but a little more powerful.


Message History

The adder is moderately wounded.
You feel sick. The adder bites you.
You are more poisoned.
The adder poisons you! The adder bites you.
You barely miss the adder. You grab the adder.
The adder is moderately wounded.
You constrict the adder.
You feel sick. The adder barely misses you. The worm bites you!
* * * LOW HITPOINT WARNING * * *
You release your grip on the adder.
* * * LOW HITPOINT WARNING * * *
You feel sick. The adder misses you. The adder barely misses you.
* * * LOW HITPOINT WARNING * * *
You feel sick.
Found a scroll of fog.
You hit the adder. You grab the adder.
You pierce the adder, but do no damage.
The adder is almost dead.
You constrict the adder. The frilled lizard closely misses you.
The adder bites you.
You die...

## ### ?. ..# .# # #.#
###[##.### #.# #.....
.. #.# #######.#.##.##
#
#.#######......w†......
#.....^...#####S#l.###.
#..#...#### #...@..#
#..##..# #.#.#..# #
#..##..# #.#.#..... ..
# #.###..# # #.#.......
... # ### ....
#.##.##.## #..# #


PP.... ##. .. # .##...### ....... # ### ...)...## ..<..... ....... You could see
a worm, an adder and a frilled lizard.

Vanquished Creatures
  2 adders (D:2)
  An ooze (D:2)
  3 worms (D:2)
  A leopard gecko (D:1)
  3 giant cockroaches
  5 goblins
  2 hobgoblins
  3 jackals (D:2)
  10 bats
  3 frilled lizards (D:2)
  5 kobolds
  3 rats
41 creatures vanquished.

Notes
Turn   | Place    | Note
-------+----------+-------------------------------------------
     0 | D:1      | digijack the Octopode Gladiator began the quest for the Orb.
     0 | D:1      | Reached XP level 1. HP: 14/14 MP: 1/1
   117 | D:1      | Gained mutation: You possess an exceptional clarity of mind. [potion of mutation]
   117 | D:1      | Gained mutation: Your mind is acute. (Int +2) [potion of mutation]
   117 | D:1      | Gained mutation: You are resistant to hostile enchantments. (MR+) [potion of mutation]
   118 | D:1      | Lost mutation: You are resistant to hostile enchantments. (MR+) [potion of mutation]
   118 | D:1      | Lost mutation: Your mind is acute. (Int +2) [potion of mutation]
   118 | D:1      | Gained mutation: Your spells are a little harder to cast, but a little more powerful. [potion of mutation]
   118 | D:1      | Gained mutation: One of your tentacles bears a spike. [potion of mutation]
   147 | D:1      | Reached skill level 1 in Stealth
   148 | D:1      | Reached XP level 2. HP: 13/19 MP: 2/2
   990 | D:2      | Reached XP level 3. HP: 25/25 MP: 3/3
  1088 | D:2      | Found a white marble altar of Elyvilon.
  1385 | D:2      | Reached XP level 4. HP: 24/30 MP: 4/4
  1646 | D:2      | Slain by an adder

Skill      XL: |  1  2  3  4 |
---------------+-------------+-----
Stealth        | 1 2 |  2.3
Fighting       | 3 |  3.0
Long Blades    | |  3.5
Throwing       | |  2.0
Dodging        | |  3.4

Action                   |  1- 3 |  4- 6 || total
-------------------------+-------+-------++-------
Melee: Long sword        |    48 |    16 ||    64
       Tentacles         |     9 |     4 ||    13
       Constrict         |    12 |     8 ||    20
       Kick              |    10 |     6 ||    16
  Use: Scroll            |     7 |     2 ||     9
       Potion            |     3 |       ||     3
 Stab: Sleeping          |     4 |     6 ||    10
  Eat: Chunk             |     1 |       ||     1
       Bread ration      |       |     1 ||     1
Armor: Skin              |     5 |       ||     5
Dodge: Dodged            |    30 |     8 ||    38
       Rpst.: Long sword |     6 |       ||     6
